cohdb
Replays
Latest Replays
All Replays
Popular Replays
Top Player Replays
Match Explorer
How It Works
Community
CoH3 Stats
Reddit
Sign in to upload your games and track your stats! →
Sign in with Steam
Match 42675233
Unlisted
Match 42675233
Overview
Messages
Build Orders
End
Selects Breakthrough Battlegroup
Kettenkrad Recon Vehicle
Construct Infanterie Kompanie
Selects Assault Grenadiers
MG 42 Machine Gun Team
Grenadier Squad
GrW 34 Mortar Team
Medical Station
Grenadier Squad
Selects Rapid Production
Construct Luftwaffe Kompanie
Flak 30 Anti-aircraft Gun Team
221 Scout Car
Grenadier Squad
Construct Panzergrenadier Kompanie
Pak 40 Anti-tank Gun Team
GrW 34 Mortar Team
Panzergrenadier Squad
Construct Panzer Kompanie
Selects Blitzkrieg
Selects Breakthrough
Selects Incendiary Bombing Run
Stoßtruppen Squad
Panzer IV Medium Tank
Pak 40 Anti-tank Gun Team
Stoßtruppen Squad
jeffry0313
baijong
Abeli
Jett
0
0
Comments
sign in to comment!
No comments posted yet!